AoeStats
← DIALEX_20

Arena

509151131Analyzed
1v1 RM · 6d ago on Sep 25, 2026· 59m 15s· 2 players
Game mode
Random Map
Map size
Tiny (2 player)
Population
200
Speed
Normal
Resources
Standard
Victory
Conquest
Starting age
Dark Age
Ending age
Imperial Age
RankedLock teamsTeams togetherTeam positionsShared explorationLock speedFull tech treeHidden civsTurbo modeCheats
Victory
Defeat
🇹🇼 Bohemians · Taiwan
719
+17
🇵🇪 Franks · Peru
745
-17
freeass147
0:29 Loom
10:52 Feudal Age
11:20 Double-Bit Axe
11:18 Horse Collar
16:07 Wheelbarrow
21:52 Castle Age
21:21 Forging
21:15 Scale Mail Armor
22:25 Pikeman
22:41 Man-at-Arms
23:22 Squires
24:04 Iron Casting
27:18 Hand Cart
28:48 Bow Saw
28:41 Heavy Plow
32:07 Husbandry
32:06 Fletching
33:05 Wagenburg Tactics
33:23 Murder Holes
33:49 Ballistics
35:12 Bodkin Arrow
35:18 Padded Archer Armor
35:34 Chain Mail Armor
35:51 Scale Barding Armor
40:28 Imperial Age
39:34 Masonry
42:12 Town Watch
42:52 Conscription
41:57 Elite Hussite Wagon
42:45 Hussite Reforms
43:57 Blast Furnace
43:27 Plate Mail Armor
43:18 Chain Barding Armor
44:57 Two-Man Saw
46:44 Halberdier
49:36 Bracer
49:52 Leather Archer Armor
DIALEX_20
9:46 Feudal Age
8:02 Loom
20:02 Castle Age
19:30 Double-Bit Axe
19:38 Gold Mining
19:41 Stone Mining
20:10 Pikeman
20:53 Squires
20:41 Arson
24:40 Husbandry
29:29 Imperial Age
27:43 Gold Shaft Mining
27:44 Fletching
27:58 Padded Archer Armor
28:41 Bow Saw
30:03 Wheelbarrow
31:54 Cavalier
37:51 Scale Barding Armor
38:23 Conscription
40:26 Paladin
40:34 Elite Skirmisher
42:45 Chivalry
44:16 Chain Barding Armor
43:57 Scale Mail Armor
44:07 Forging
43:53 Bodkin Arrow
44:13 Leather Archer Armor
45:44 Chemistry
45:05 Ballistics
46:00 Plate Barding Armor
45:43 Forging
45:29 Bodkin Arrow
45:49 Leather Archer Armor
49:40 Hand Cart
51:04 Chain Mail Armor
51:25 Iron Casting
53:17 Plate Mail Armor
56:44 Light Cavalry
60:19 Blast Furnace
Connection lost

Rejoining the realm…

Still unreachable

The connection could not be restored.

Session expired

The server has moved on; the page needs a fresh start.